AoeStats
← TheHornyDonkey

Hideout

509605924Analyzed
1v1 RM · 6d ago on Sep 27, 2026· 32m 15s· 2 players
Game mode
Random Map
Map size
Tiny (2 player)
Population
200
Speed
Normal
Resources
Standard
Victory
Conquest
Starting age
Dark Age
Ending age
Imperial Age
RankedLock teamsTeams togetherTeam positionsShared explorationLock speedFull tech treeHidden civsTurbo modeCheats
Victory
Defeat
🇬🇧 Cumans · United Kingdom
813
+15
🇬🇧 Persians · United Kingdom
786
-15
VenerableGiraffe
0:44 Loom
15:56 Feudal Age
16:24 Double-Bit Axe
16:55 Horse Collar
17:54 Wheelbarrow
21:44 Castle Age
30:04 Murder Holes
30:30 Ballistics
TheHornyDonkey
7:17 Loom
9:38 Feudal Age
13:02 Horse Collar
14:24 Double-Bit Axe
17:21 Wheelbarrow
16:51 Town Watch
23:09 Castle Age
22:33 Forging
26:09 Fletching
27:01 Bodkin Arrow
29:56 Capped Ram
31:04 Bow Saw
30:56 Heavy Plow
32:16 Scale Barding Armor
Connection lost

Rejoining the realm…

Still unreachable

The connection could not be restored.

Session expired

The server has moved on; the page needs a fresh start.